TOP OF THE 1ST |
Salem Misfits batting - Pitching for Asheville Highlanders : RHP Romano Martínez
|
Pitching: RHP Romano Martínez
|
|
Batting: LHB José Cuervo
|
0-0: Ball 1-0: Ground out 4-3 (Groundball, 4)
|
Batting: RHB Robinson Barquero
|
0-0: Called Strike 0-1: Ball 1-1: Called Strike 1-2: Ball 2-2: Foul Ball, location: 2F 2-2: SINGLE (Groundball, 4MD)
|
Batting: LHB Austin Hathaway
|
0-0: Foul Ball, location: 2F 0-1: SINGLE (Line Drive, 3D) Robinson Barquero to second Runner from 2nd tries for 3rd, SAFE, no throw
|
Batting: LHB Cris Gonzáles
|
0-0: Called Strike 0-1: Fielders Choice at 2nd, 4-6 (Groundball, 4) Robinson Barquero scores
|
Batting: LHB Kelly Brown
|
0-0: Called Strike 0-1: Ball Cris Gonzáles steals 2nd base 1-1: Fly out, F7 (Flyball, 7S)
|
Top of the 1st over - 1 run, 2 hits, 0 errors, 1 left on base; Salem 1 - Asheville 0 |
BOTTOM OF THE 1ST |
Asheville Highlanders batting - Pitching for Salem Misfits : RHP Fernando Villarreal
|
Pitching: RHP Fernando Villarreal
|
|
Batting: RHB Esteban Olivo
|
0-0: Called Strike 0-1: Foul Ball, location: 2F 0-2: Ball 1-2: Foul Ball, location: 2F 1-2: SINGLE (Line Drive, 7S)
|
Batting: LHB Tomás Valenzuela
|
0-0: Called Strike Esteban Olivo steals 2nd base 0-1: Foul Ball, location: 2F 0-2: Strikes out looking
|
Batting: RHB Enrique Rocha
|
0-0: Ball 1-0: Ball 2-0: Called Strike 2-1: Ground out 5-3 (Groundball, 5)
|
Batting: RHB Víctor Hernández
|
0-0: Ball 1-0: Foul Ball, location: 2F 1-1: Ball 2-1: Ball 3-1: Called Strike 3-2: Foul Ball, location: 2F 3-2: Foul Ball, location: 2F 3-2: Strikes out swinging
|
Bottom of the 1st over - 0 runs, 1 hit, 0 errors, 1 left on base; Salem 1 - Asheville 0 |
TOP OF THE 2ND |
Salem Misfits batting - Pitching for Asheville Highlanders : RHP Romano Martínez
|
Batting: LHB Rodrigo Gómez
|
0-0: Ground out U3 (Groundball, 3L)
|
Batting: RHB Vicente Andros
|
0-0: Ball 1-0: Swinging Strike 1-1: Ball 2-1: Ball 3-1: Swinging Strike 3-2: Fly out, F8 (Flyball, 8RS)
|
Batting: LHB Tyler Knopp
|
0-0: Ball 1-0: Fly out, F7 (Flyball, 78D)
|
Top of the 2nd over - 0 runs, 0 hits, 0 errors, 0 left on base; Salem 1 - Asheville 0 |
BOTTOM OF THE 2ND |
Asheville Highlanders batting - Pitching for Salem Misfits : RHP Fernando Villarreal
|
Batting: RHB Gil Simmons
|
0-0: Ground out 6-3 (Groundball, 6)
|
Batting: RHB Mario Jacome
|
0-0: Ball 1-0: Called Strike 1-1: Ball 2-1: Foul Ball, location: 2F 2-2: Ball 3-2: Base on Balls
|
Batting: RHB Marshall Attwood
|
0-0: Ball 1-0: Called Strike 1-1: Ball 2-1: Swinging Strike 2-2: Strikes out swinging
|
Batting: RHB Ron Spence
|
0-0: Ball 1-0: Foul Ball, location: 2F 1-1: Ball 2-1: SINGLE (Flyball, 78S) Mario Jacome to second Runner from 2nd tries for 3rd, SAFE, no throw
|
Batting: RHB Dan Parkinson
|
0-0: Ball 1-0: 3-RUN HOME RUN (Flyball, 7D), Distance : 388 ft
|
Batting: RHB Esteban Olivo
|
0-0: Ball 1-0: Fly out, F9 (Flyball, 9S)
|
Bottom of the 2nd over - 3 runs, 2 hits, 0 errors, 0 left on base; Salem 1 - Asheville 3 |
TOP OF THE 3RD |
Salem Misfits batting - Pitching for Asheville Highlanders : RHP Romano Martínez
|
Batting: RHB Paul O'Neill
|
0-0: Called Strike 0-1: Swinging Strike 0-2: Ball 1-2: Ball 2-2: Reached on error, E5 (Groundball, 56)
|
Batting: LHB José Cuervo
|
0-0: Ball 1-0: Called Strike 1-1: Ground out 4-3 (Groundball, 4) Paul O'Neill to third
|
Batting: RHB Robinson Barquero
|
0-0: Swinging Strike 0-1: Ball 1-1: Ball 2-1: Foul Ball, location: 2F 2-2: Foul Ball, location: 2F 2-2: Ball 3-2: Strikes out swinging
|
Batting: LHB Austin Hathaway
|
0-0: Ball 1-0: Foul Ball, location: 2F 1-1: Swinging Strike 1-2: Ball 2-2: SINGLE (Line Drive, 8RS) Paul O'Neill scores
|
Batting: LHB Cris Gonzáles
|
0-0: Called Strike 0-1: Ball 1-1: Ball 2-1: Ball 3-1: Fly out, F9 (Flyball, 9D)
|
Top of the 3rd over - 1 run, 1 hit, 1 error, 1 left on base; Salem 2 - Asheville 3 |
BOTTOM OF THE 3RD |
Asheville Highlanders batting - Pitching for Salem Misfits : RHP Fernando Villarreal
|
Batting: LHB Tomás Valenzuela
|
0-0: Ground out 4-3 (Groundball, 4)
|
Batting: RHB Enrique Rocha
|
0-0: Ball 1-0: SOLO HOME RUN (Line Drive, 8RXD), Distance : 441 ft
|
Batting: RHB Víctor Hernández
|
0-0: Ball 1-0: Called Strike 1-1: Swinging Strike 1-2: Ball 2-2: Ball 3-2: Ground out 6-3 (Groundball, 6)
|
Batting: RHB Gil Simmons
|
0-0: Called Strike 0-1: Foul Ball, location: 2F 0-2: Strikes out looking
|
Bottom of the 3rd over - 1 run, 1 hit, 0 errors, 0 left on base; Salem 2 - Asheville 4 |
TOP OF THE 4TH |
Salem Misfits batting - Pitching for Asheville Highlanders : RHP Romano Martínez
|
Batting: LHB Kelly Brown
|
0-0: Called Strike 0-1: Ball 1-1: Called Strike 1-2: Fly out, F8 (Flyball, 8RD)
|
Batting: LHB Rodrigo Gómez
|
0-0: Ball 1-0: Ball 2-0: Ball 3-0: Called Strike 3-1: Foul Ball, location: 2F 3-2: Foul Ball, location: 2F 3-2: Ground out U3 (Groundball, 3)
|
Batting: RHB Vicente Andros
|
0-0: Called Strike 0-1: Ground out 6-3 (Groundball, 6)
|
Top of the 4th over - 0 runs, 0 hits, 0 errors, 0 left on base; Salem 2 - Asheville 4 |
BOTTOM OF THE 4TH |
Asheville Highlanders batting - Pitching for Salem Misfits : RHP Fernando Villarreal
|
Batting: RHB Mario Jacome
|
0-0: Fly out, F7 (Flyball, 7S)
|
Batting: RHB Marshall Attwood
|
0-0: Called Strike 0-1: Ball 1-1: Called Strike 1-2: Ball 2-2: Ball 3-2: Strikes out swinging
|
Batting: RHB Ron Spence
|
0-0: Ball 1-0: Foul Ball, location: 2F 1-1: Ball 2-1: Foul Ball, location: 2F 2-2: Ball 3-2: Ground out 6-3 (Groundball, 6)
|
Bottom of the 4th over - 0 runs, 0 hits, 0 errors, 0 left on base; Salem 2 - Asheville 4 |
TOP OF THE 5TH |
Salem Misfits batting - Pitching for Asheville Highlanders : RHP Romano Martínez
|
Batting: LHB Tyler Knopp
|
0-0: Ground out U3 (Groundball, 3)
|
Batting: RHB Paul O'Neill
|
0-0: Fly out, F9 (Flyball, 9S)
|
Batting: LHB José Cuervo
|
0-0: Ball 1-0: SOLO HOME RUN (Flyball, 89XD), Distance : 381 ft
|
Batting: RHB Robinson Barquero
|
0-0: Swinging Strike 0-1: Called Strike 0-2: Ball 1-2: Ball 2-2: Ground out 6-3 (Groundball, 6)
|
Top of the 5th over - 1 run, 1 hit, 0 errors, 0 left on base; Salem 3 - Asheville 4 |
BOTTOM OF THE 5TH |
Asheville Highlanders batting - Pitching for Salem Misfits : RHP Fernando Villarreal
|
Batting: RHB Dan Parkinson
|
0-0: Called Strike 0-1: Ground out 6-3 (Groundball, 6)
|
Batting: RHB Esteban Olivo
|
0-0: Swinging Strike 0-1: Ball 1-1: Ball 2-1: Ground out 5-3 (Groundball, 56)
|
Batting: LHB Tomás Valenzuela
|
0-0: Fly out, F9 (Flyball, 89D)
|
Bottom of the 5th over - 0 runs, 0 hits, 0 errors, 0 left on base; Salem 3 - Asheville 4 |
TOP OF THE 6TH |
Salem Misfits batting - Pitching for Asheville Highlanders : RHP Romano Martínez
|
Batting: LHB Austin Hathaway
|
0-0: Foul Ball, location: 2F 0-1: Called Strike 0-2: Ball 1-2: Strikes out swinging
|
Batting: LHB Cris Gonzáles
|
0-0: Ball 1-0: Foul Ball, location: 2F 1-1: Ball 2-1: Fly out, F7 (Flyball, 78M)
|
Batting: LHB Kelly Brown
|
0-0: Called Strike 0-1: Foul Ball, location: 2F 0-2: Ball 1-2: Strikes out swinging
|
Top of the 6th over - 0 runs, 0 hits, 0 errors, 0 left on base; Salem 3 - Asheville 4 |
BOTTOM OF THE 6TH |
Asheville Highlanders batting - Pitching for Salem Misfits : RHP Fernando Villarreal
|
Batting: RHB Enrique Rocha
|
0-0: Ball 1-0: Ball 2-0: Ball 3-0: Base on Balls
|
Batting: RHB Víctor Hernández
|
0-0: Ball 1-0: Ball 2-0: Ball 3-0: Called Strike 3-1: SINGLE (Line Drive, 6MD) Enrique Rocha to second
|
Batting: RHB Gil Simmons
|
0-0: Fielders Choice at 2nd, 3-6 (Groundball, 34) Enrique Rocha to third
|
Batting: RHB Mario Jacome
|
0-0: Ball 1-0: Called Strike 1-1: SINGLE (Line Drive, 9S) Enrique Rocha scores Gil Simmons to second
|
Batting: RHB Marshall Attwood
|
0-0: Ball 1-0: SINGLE (Groundball, 56S) (infield hit) Gil Simmons to third Mario Jacome to second
|
Pitching: LHP Rob Murphy
|
|
Batting: RHB Ron Spence
|
0-0: Ball 1-0: Ball 2-0: Called Strike 2-1: Ball 3-1: Base on Balls Gil Simmons scores Mario Jacome to third Marshall Attwood to second
|
Batting: RHB Dan Parkinson
|
0-0: Called Strike 0-1: Foul Ball, location: 2F 0-2: Ball 1-2: Foul Ball, location: 2F 1-2: Ball 2-2: Foul Ball, location: 2F 2-2: Strikes out swinging
|
Batting: RHB Esteban Olivo
|
0-0: Called Strike 0-1: Ball 1-1: Ball 2-1: SINGLE (Groundball, 34D) Mario Jacome scores Marshall Attwood to third Ron Spence to second
|
Batting: LHB Tomás Valenzuela
|
0-0: Fly out, F8 (Flyball, 89S)
|
Bottom of the 6th over - 3 runs, 4 hits, 0 errors, 3 left on base; Salem 3 - Asheville 7 |
TOP OF THE 7TH |
Salem Misfits batting - Pitching for Asheville Highlanders : RHP Romano Martínez
|
Batting: LHB Rodrigo Gómez
|
0-0: SINGLE (Groundball, 4) (infield hit)
|
Batting: RHB Vicente Andros
|
0-0: Grounds into double play, 6-4-3 (Groundball, 6)
|
Batting: LHB Tyler Knopp
|
0-0: Ball 1-0: Ball 2-0: DOUBLE (Flyball, 89XD)
|
Batting: RHB Paul O'Neill
|
0-0: Fly out, F2 (Popup, 23F)
|
Top of the 7th over - 0 runs, 2 hits, 0 errors, 1 left on base; Salem 3 - Asheville 7 |
BOTTOM OF THE 7TH |
Asheville Highlanders batting - Pitching for Salem Misfits : LHP Rob Murphy
|
Batting: RHB Enrique Rocha
|
0-0: Foul Ball, location: 2F 0-1: Foul Ball, location: 2F 0-2: Strikes out swinging, 2-3 out at first.
|
Batting: RHB Víctor Hernández
|
0-0: Ball 1-0: Swinging Strike 1-1: Ball 2-1: Foul Ball, location: 2F 2-2: Ball 3-2: Strikes out swinging
|
Batting: RHB Gil Simmons
|
0-0: Ground out 6-3 (Groundball, 6)
|
Bottom of the 7th over - 0 runs, 0 hits, 0 errors, 0 left on base; Salem 3 - Asheville 7 |
TOP OF THE 8TH |
Salem Misfits batting - Pitching for Asheville Highlanders : RHP Romano Martínez
|
Batting: LHB José Cuervo
|
0-0: Called Strike 0-1: Ground out 5-3 (Groundball, 5)
|
Batting: RHB Robinson Barquero
|
0-0: SINGLE (Line Drive, 6M)
|
Batting: LHB Austin Hathaway
|
0-0: Called Strike 0-1: Ball 1-1: Ball 2-1: Ball 3-1: Foul Ball, location: 2F 3-2: Grounds into double play, 6-4-3 (Groundball, 6)
|
Top of the 8th over - 0 runs, 1 hit, 0 errors, 0 left on base; Salem 3 - Asheville 7 |
BOTTOM OF THE 8TH |
Asheville Highlanders batting - Pitching for Salem Misfits : LHP Rob Murphy
|
Batting: RHB Mario Jacome
|
0-0: Ball 1-0: Ball 2-0: Called Strike 2-1: Foul Ball, location: 2F 2-2: SOLO HOME RUN (Flyball, 78XD), Distance : 416 ft
|
Batting: RHB Marshall Attwood
|
0-0: Ball 1-0: Called Strike 1-1: Foul Ball, location: 2F 1-2: SINGLE (Line Drive, 8LS)
|
Batting: RHB Ron Spence
|
0-0: Foul Ball, location: 2F 0-1: Fly out, F9 (Flyball, 89S)
|
Batting: RHB Dan Parkinson
|
0-0: Ball 1-0: Ball 2-0: Called Strike 2-1: Called Strike 2-2: Foul Ball, location: 2F 2-2: Foul Ball, location: 2F 2-2: SINGLE (Flyball, 78M) Marshall Attwood to second
|
Batting: RHB Esteban Olivo
|
0-0: Foul Ball, location: 2F 0-1: Foul Ball, location: 2F 0-2: Fly out, F7 (Line Drive, 78D)
|
Batting: LHB Tomás Valenzuela
|
0-0: Ball 1-0: 3-RUN HOME RUN (Flyball, 89XD), Distance : 395 ft
|
Batting: RHB Enrique Rocha
|
0-0: Ball 1-0: Foul Ball, location: 2F 1-1: Ground out 1-3 (Groundball, 15S)
|
Bottom of the 8th over - 4 runs, 4 hits, 0 errors, 0 left on base; Salem 3 - Asheville 11 |
TOP OF THE 9TH |
Salem Misfits batting - Pitching for Asheville Highlanders : RHP Romano Martínez
|
Batting: LHB Cris Gonzáles
|
0-0: Foul Ball, location: 2F 0-1: Called Strike 0-2: Foul Ball, location: 2F 0-2: Strikes out swinging
|
Pitching: RHP José Pueblo
|
|
Batting: LHB Kelly Brown
|
0-0: Ball 1-0: Called Strike 1-1: Swinging Strike 1-2: SINGLE (Line Drive, 4MD)
|
Batting: LHB Rodrigo Gómez
|
0-0: Ball 1-0: Called Strike 1-1: Ball 2-1: Grounds into double play, 4-6-3 (Groundball, 4)
|
Top of the 9th over - 0 runs, 1 hit, 0 errors, 0 left on base; Salem 3 - Asheville 11 |
|